 Dungeon Crawl Stone Soup version 0.29-a0-878-g7b45a56547 (webtiles) character file.

Game seed: 16673125241448319331

74 alksdfjalsdfasdf the Gusty (level 3, -7/26 HPs)
             Began as a Demigod Air Elementalist on July 19, 2022.
             Mangled by a gnoll
             ... wielding a +0 flail
              (13 damage)
             ... on level 4 of the Dungeon.
             The game lasted 00:05:26 (1757 turns).

alksdfjalsdfasdf the Gusty (DgAE)                   Turns: 1757, Time: 00:05:27

Health: -7/26      AC:  3    Str: 15    XL:     3   Next: 86%
Magic:  2/8        EV: 13    Int: 17    God:
Gold:   113        SH:  5    Dex: 24    Spells: 5/6 levels left

rFire   . . .      SeeInvis .   e - +1 sling (flame)
rCold   . . .      Faith    .   (no shield)
rNeg    . . .      Spirit   .   a - +0 robe
rPois   .          Reflect  +   k - +0 helmet
rElec   .          Harm     .   (no cloak)
rCorr   .          Rampage  .   (no gloves)
Will    .....                   (no boots)
Stlth   ++........              h - amulet of reflection
HPRegen 0.08/turn               r - +6 ring of dexterity
MPRegen 0.11/turn               c - +6 ring of strength

@: no status effects
A: high MP 1, forlorn, divine attributes
a: no special abilities


You were on level 4 of the Dungeon.
You visited 1 branch of the dungeon, and saw 4 of its levels.

You collected 113 gold pieces.

Inventory:

Hand Weapons
 e - a +1 sling of flaming (weapon)
 q - a +2 dagger of draining
Armour
 a - a +0 robe (worn)
 k - a +0 helmet (worn)
Jewellery
 c - a +6 ring of strength (right hand)
 h - an amulet of reflection (around neck)
 r - a +6 ring of dexterity (left hand)
Scrolls
 f - a scroll of fear {unknown}
 g - 2 scrolls of immolation {unknown}
 j - a scroll of amnesia {unknown}
 l - a scroll of torment {unknown}
 n - a scroll of brand weapon {unknown}
 p - a scroll of teleportation {unknown}
 s - a scroll of identify {unknown}
Potions
 b - a potion of magic
 d - 3 potions of might {unknown}
 i - 2 potions of mutation {unknown}
 m - a potion of resistance {unknown}
 o - 3 potions of curing {unknown}


   Skills:
 + Level 1.8 Ranged Weapons
 - Level 1.7 Dodging
 - Level 1.7 Stealth
 - Level 2.0 Spellcasting
 - Level 1.0 Conjurations
 + Level 3.8 Air Magic


You had 5 spell levels left.
You knew the following spells:

 Your Spells              Type           Power      Damage    Failure   Level
a - Shock                 Conj/Air       36%        1d5       7%          1

Your spell library contained the following spells:

 Spells                   Type           Power      Damage    Failure   Level
 Static Discharge         Conj/Air       9%         3-5/arc   11%         2
 Swiftness                Air            14%        N/A       12%         3
 Slow                     Hex            4%         N/A       19%         1
 Airstrike                Air            7%         0-3+      36%         4
 Confusing Touch          Hex            1%         N/A       50%         3
 Vampiric Draining        Necr           1%         2d6       50%         3


Dungeon Overview and Level Annotations

Branches:
Dungeon (4/15)
 Temple: D:4-7

Shops:
D:4 =


Innate Abilities, Weirdness & Mutations

You have an increased reservoir of magic. (+10% MP)
You shall have no god before yourself.
Your divine heritage dramatically boosts your attributes as you level up.


Message History

The sling bullet hits the gnoll.
The sling bullet burns the gnoll.
The gnoll is almost dead.
You shoot a sling bullet.
The sling bullet barely misses the gnoll.
The sling bullet hits the gnoll.
The sling bullet burns the gnoll.
The gnoll is lightly wounded.
You shoot a sling bullet. The sling bullet hits the gnoll.
The sling bullet burns the gnoll.
You kill the gnoll!
No target in view!
No target in view!
No target in view!
A gnoll is nearby!
A gnoll is nearby!
A gnoll is nearby!
A gnoll is nearby!
You shoot a sling bullet.
The sling bullet hits the gnoll but does no damage.
The gnoll is lightly wounded.
The gnoll hits you with a +0 flail!
You shoot a sling bullet. The sling bullet hits the gnoll!
The sling bullet burns the gnoll.
The gnoll is almost dead.
The gnoll hits you with a +0 flail!
* * * LOW HITPOINT WARNING * * *
You are too injured to fight recklessly!
You are too injured to fight recklessly!
You are too injured to fight recklessly!
Aiming: Shock (safe; 7% risk of failure)
Press: ? - help, Q - select action, (/) - cycle Shift-Dir - straight line, p - gnoll You can't see that place.
Okay, then.
Aiming: Shock (safe; 7% risk of failure)
Press: ? - help, Q - select action, (/) - cycle Shift-Dir - straight line, f/p - gnoll
Aim: a gnoll, wielding a +0 flail (almost dead, 72% to hit)
The zap hits the gnoll but does no damage.
The gnoll is almost dead.
The gnoll hits you with a +0 flail!
Ouch! That really hurt!
You die...

########## .........#
########.# . #.# #.
######.####
#..##.........##########
#.......#####...@..!....
..>##<#.# ####g.####.#
........# .#)...
#..###..# .. #..## #.
.#.# .∩. ..# . .##..
.... .## . #.># ##... #
.# .### ##


You could see a gnoll.

Vanquished Creatures
  2 gnolls (D:4)
  A worm (D:2)
  An orc (D:4)
  An endoplasm (D:1)
  2 giant cockroaches
  8 goblins
  4 hobgoblins
  3 jackals (D:1)
  2 quokkas
  4 ball pythons
  6 bats
  2 frilled lizards (D:2)
  7 kobolds
  4 rats (D:1)
47 creatures vanquished.

Notes
Turn   | Place    | Note
-------+----------+-------------------------------------------
     0 | D:1      | alksdfjalsdfasdf the Demigod Air Elementalist began the
                  | quest for the Orb.
     0 | D:1      | Reached XP level 1. HP: 14/14 MP: 5/5
   110 | D:1      | Reached skill level 3 in Air Magic
   289 | D:1      | Reached XP level 2. HP: 20/20 MP: 7/7
   306 | D:1      | Reached skill level 1 in Conjurations
   739 | D:1      | Reached skill level 1 in Ranged Weapons
  1044 | D:2      | Reached XP level 3. HP: 26/26 MP: 8/8
  1735 | D:4      | Found Iqutesek's One-of-a-Kind Rings.
  1757 | D:4      | Mangled by a gnoll

Illustrated notes

Levels and vault maps discovered:
D:1:      dpeg_arrival_arbitrary_b, layout_loops_cross,
          chequers_ecumenical_altar_grove, nicolae_figureground_pulse
D:2:      layout_loops_ring
D:3:      layout_loops_cross, serial_shops, shop_coins,
          nicolae_concentric_dashed_squares_mild, uniq_grinder
D:4:      layout_loops_ring, nicolae_shop_unique_rings,
          kennysheep_generic_room_3

Skill      XL: |  1  2 |
---------------+-------+-----
Air Magic      | 3 |  3.8
Conjurations   | 1 |  1.0
Spellcasting   | 2 |  2.0
Ranged Weapons | 1 |  1.8
Dodging        | |  1.7
Stealth        | |  1.7

Action                   || total
-------------------------++-------
Melee: Unarmed           ||     4
 Fire: Sling             ||    89
 Cast: Shock             ||    17
Armor: Robe              ||     9
Dodge: Dodged            ||    23
Block: Other             ||     1

Table legend: (Time is in decaauts)
 A = Elapsed time spent in this place.
 B = Non-inter-level travel time spent in this place.
 C = Inter-level travel time spent in this place.
 D = Time resting spent in this place.
 E = Time spent auto-exploring this place.
 F = Levels seen in this place.
 G = Mean time per level.
                   A        B        C        D        E       F      G
               +--------+--------+--------+--------+--------+-----+--------+
         Total |   1787 |   1706 |     81 |      0 |   1454 |   4 |  446.8 |
       Dungeon |   1787 |   1706 |     81 |      0 |   1454 |   4 |  446.8 |
               +--------+--------+--------+--------+--------+-----+--------+

Top non-repeatable levels by time:
     D:1: 1008 daAuts
     D:2: 572 daAuts
     D:3: 161 daAuts
     D:4: 45 daAuts
